 Dungeon Crawl Stone Soup version 0.20-a0-772-g73021bd (webtiles) character file.

46503 M4edhros the Nimble (level 14, -3/121 HPs)
             Began as a Mummy Chaos Knight on Feb 27, 2017.
             Was an Initiate of Gozag.
             Slain by a thrashing horror (8 damage)
             ... on level 3 of the Abyss.
             The game lasted 01:02:40 (162616 turns).

M4edhros the Nimble (Mummy Chaos Knight)          Turns: 162616, Time: 01:02:41

Health: -3/121     AC:  8    Str: 11 (16) XL:     14   Next: 5%
Magic:  26/26      EV: 26    Int:  6 (12) God:    Gozag
Gold:   342        SH:  5    Dex: 16 (18) Spells: 20/30 levels left

rFire    + . .     SeeInvis +   Y - +8 trident of the Octopus King {venom, rElec rPois MR+}
rCold    + . .     Gourm    .   M - +2 leather armour of Qicen {Dex+3 Stlth+}
rNeg     + + +     Faith    .   N - +0 buckler {rF+}
rPois    ∞         Spirit   .   L - +0 mask of the Dragon {MR+ Slay+3 SInv}
rElec    +         Reflect  .   (no cloak)
rCorr    .         Harm     .   j - +0 pair of gloves
MR       +++..                  f - +0 pair of boots
Stlth    ++........             T - amulet of Vitality {Regen+ HP+15}
Regen    0.7/turn               w - ring of Shaolin {EV+8}
MPRegen  0.2/turn               c - ring of protection from fire

@: about to teleport
A: no food or potions, fire vulnerability, cold resistance 1, negative energy
resistance 3, torment resistance, unbreathing, in touch with death 1
a: Potion Petition, Call Merchant, Bribe Branch, Renounce Religion


You were on level 3 of the Abyss.
You worshipped Gozag.
Gozag was aware of your devotion.
You were not hungry.

You visited 3 branches of the dungeon, and saw 17 of its levels.
You visited the Abyss 3 times.
You also visited: Labyrinth.

You collected 7789 gold pieces.
You spent 3768 gold pieces at shops.
You paid 3679 gold pieces to Gozag.

Inventory:

Hand Weapons
 q - a +2 demon trident of electrocution
 s - the +9 fustibalus "Xoxtuph" {venom, +Blink rElec Int+2 Dex-5}
   (You bought it in a shop on level 14 of the Dungeon)

   It poisons the ammo it fires.
   It affects your intelligence (+2).
   It affects your dexterity (-5).
   It insulates you from electricity.
   It lets you blink.
 y - a +6 eveningstar of crushing
 Y - the +8 trident of the Octopus King (weapon) {venom, rElec rPois MR+}
   (You bought it in a shop on level 8 of the Dungeon)

   It poisons the flesh of those it strikes.
   It insulates you from electricity.
   It protects you from poison.
   It affects your resistance to hostile enchantments.
Missiles
 m - 176 stones
 E - 3 javelins of returning (quivered)
 K - 108 sling bullets
 Q - 3 javelins of penetration
 S - 7 exploding tomahawks
Armour
 f - a +0 pair of boots (worn)
 j - a +0 pair of gloves (worn)
 L - the +0 mask of the Dragon (worn) {MR+ Slay+3 SInv}
   (You bought it in a shop on level 14 of the Dungeon)

   It affects your accuracy and damage with ranged weapons and melee attacks
   (+3).
   It affects your resistance to hostile enchantments.
   It lets you see invisible.
 M - the +2 leather armour of Qicen (worn) {Dex+3 Stlth+}
   (Xom gifted it to you in the Ecumenical Temple)

   It affects your dexterity (+3).
   It makes you more stealthy.
 N - a +0 buckler of fire resistance (worn)
Jewellery
 c - a ring of protection from fire (left hand)
 e - an uncursed ring of ice
 w - the ring of Shaolin (right hand) {EV+8}
   (Xom gifted it to you in the Ecumenical Temple)

   [ring of evasion]

   It affects your evasion (+8).
 z - an uncursed ring of see invisible
 A - a +5 ring of dexterity
 H - the ring "Wef Raig" {-Tele +Fly Str+6 Int+4 Dex+4}
   (Xom gifted it to you in the Ecumenical Temple)

   [ring of intelligence]

   It affects your strength (+6).
   It affects your intelligence (+4).
   It affects your dexterity (+4).
   It lets you fly.
   It prevents most forms of teleportation.
 T - the amulet of Vitality (around neck) {Regen+ HP+15}
   (You bought it in a shop on level 8 of the Dungeon)

   [amulet of regeneration]

   It affects your health (+15).
   It increases your rate of regeneration.
Wands
 h - a wand of confusion (12/48)
 t - a wand of confusion (25/48)
 v - a wand of iceblast (1/15)
 x - a wand of flame (30/48)
 B - a wand of paralysis (3/24)
 J - a wand of confusion (15/48)
 R - a wand of flame (22/48)
 U - a wand of disintegration (5/24)
Scrolls
 a - a scroll of acquirement {unknown}
 d - 4 scrolls of magic mapping
 g - a scroll of teleportation
 k - 7 scrolls of blinking
 o - 6 scrolls of recharging
 p - 5 scrolls of fog
 r - a scroll of immolation {unknown}
 u - a scroll of remove curse
 C - a scroll of silence
 F - a scroll of vulnerability {unknown}
 I - a scroll of identify
 P - 2 scrolls of fear
 Z - 2 scrolls of enchant armour
Books
 b - a book of Debilitation

   Spells                             Type                      Level
   a - Corona                         Hexes                        1
   b - Slow                           Hexes                        2
   c - Inner Flame                    Hexes/Fire                   3
   d - Portal Projectile              Hexes/Translocation          3
   e - Cause Fear                     Hexes                        4
   f - Leda's Liquefaction            Hexes/Earth                  4
 i - a book of Transfigurations

   Spells                             Type                      Level
   a - Irradiate                      Conjuration/Transmutation    5
   b - Statue Form                    Transmutation/Earth          6
   c - Hydra Form                     Transmutation                6
   d - Dragon Form                    Transmutation                7
 l - a book of Changes

   Spells                             Type                      Level
   a - Beastly Appendage              Transmutation                1
   b - Sticks to Snakes               Transmutation                2
   c - Spider Form                    Transmutation/Poison         3
   d - Ice Form                       Ice/Transmutation            4
   e - Blade Hands                    Transmutation                5
 D - a book of Spatial Translocations

   Spells                             Type                      Level
   a - Blink                          Translocation                2
   b - Shroud of Golubria             Charms/Translocation         2
   c - Lesser Beckoning               Translocation                3
   d - Gell's Gravitas                Translocation                3
   e - Teleport Other                 Translocation                3
   f - Passage of Golubria            Translocation                4
 O - a book of Summonings

   Spells                             Type                      Level
   a - Recall                         Summoning/Translocation      3
   b - Aura of Abjuration             Summoning                    5
   c - Summon Demon                   Summoning                    5
   d - Summon Forest                  Summoning/Translocation      5
   e - Summon Mana Viper              Hexes/Summoning              5
   f - Shadow Creatures               Summoning                    6
Miscellaneous
 n - a lightning rod (inert)
 G - a sack of spiders


   Skills:
 - Level 8.4 Fighting
 * Level 6.8 Maces & Flails
 - Level 9.3 Polearms
 * Level 2.0 Slings
 - Level 7.0 Armour
 * Level 9.5 Dodging
 - Level 4.7 Shields
 - Level 8.8 Spellcasting
 - Level 4.2 Hexes
 * Level 2.7 Summonings
 * Level 5.0 Translocations
 - Level 4.0 Fire Magic


You had 20 spell levels left.
You knew the following spells:

 Your Spells              Type           Power        Failure   Level  Hunger
a - Blink                 Tloc           N/A          6%          2    N/A
b - Inner Flame           Hex/Fire       #.......     17%         3    N/A
c - Summon Forest         Summ/Tloc      #.........   97%         5    N/A

Dungeon Overview and Level Annotations

Branches:
Dungeon (15/15)            Temple (1/1) D:7            Lair (0/6) D:10
    Orc (1/2) D:12         Vaults (0/5) D:13
 Depths: D:15

Altars:
Ashenzari
Cheibriados
Dithmenos
Elyvilon
Fedhas
Gozag
Hepliaklqana
Kikubaaqudgha
Makhleb
Nemelex Xobeh
Okawaru
Qazlal
Ru
Sif Muna
Trog
Uskayaw
Vehumet
Wu Jian
Xom
Yredelemnul
Zin
The Shining One
Beogh

Shops:
D:8 =(   D:9 %   D:14 ([


Innate Abilities, Weirdness & Mutations

You do not eat or drink.
Your flesh is vulnerable to fire.
You are immune to poison.
Your flesh is cold resistant. (rC+)
You are immune to negative energy. (rN+++)
You are immune to unholy pain and torment.
You can survive without breathing.
You are in touch with the powers of death.


Message History

You feel the power of the Abyss delaying your translocation!
The balrug gestures at you. The bolt of fire hits you! You resist.
* * * LOW HITPOINT WARNING * * *
You block the balrug's attack. The balrug gestures at you.
The bolt of fire hits you! You resist.
* * * LOW HITPOINT WARNING * * *
You block the ancient zyme's attack. The ancient zyme barely misses you.
You block the ancient zyme's attack. The ancient zyme completely misses you.
You see here a robe.
A thrashing horror comes into view.
The balrug gestures at you. Something smites you!
* * * LOW HITPOINT WARNING * * *
The thrashing horror roars!
You hear a roar! x2
The thrashing horror misses you. The thrashing horror tramples you!
You die...
Xom howls with laughter!
Your body crumbles into a pile of gold.

. ###.#.### ..
####..####. ###
#.#..#.##.#.#..
.. #.......#..#
...#.#.[#......##
#...........# #
#.##.##2##..#.#
##..##x...###.
#...@#..### . .
#....X#.##### .#
#......#..### ..
. ......X .#### .
#.##.X# .. # #
.#.. #.# . #
.#... ...# . . #≈
.. ..


You could see a balrug, an ancient zyme and 3 thrashing horrors.

Vanquished Creatures
  Louise (D:15)
  A minotaur (Lab)
  2 centaur warriors (D:14)
  2 hydras (D:14)
  A two-headed ogre (D:12)
  An orc high priest (D:13)
  3 thrashing horrors (Abyss:3)
  Urug (D:11)
  A flayed ghost (Abyss:3)
  2 unseen horrors (D:14)
  2 orc knights
  3 necromancers
  2 orc sorcerers (D:13)
  A phantasmal warrior (Abyss:3)
  13 ugly things
  A mana viper (Abyss:3)
  2 worldbinders (Abyss:3)
  2 deep elf magi
  3 manticores
  A cyclops (D:13)
  An eye of devastation (D:11)
  Psyche (D:11)
  A guardian serpent (D:10)
  A gargoyle (D:12)
  An apocalypse crab (Abyss:3)
  A komodo dragon (D:13)
  An efreet (Abyss:3)
  An ancient zyme (Abyss:3)
  7 trolls
  A hornet (D:12)
  19 slime creatures
  A blink frog (D:7)
  A raiju (Abyss:3)
  2 hippogriffs
  A shadow (D:14)
  A wraith (D:12)
  A wyvern (D:14)
  12 yaks
  2 ynoxinuls (Abyss:3)
  2 neqoxecs (Abyss:3)
  2 hungry ghosts
  7 vampire mosquitoes
  A steam dragon (D:10)
  An acid dragon (D:11)
  4 wargs
  5 large abominations (Abyss:3)
  20 orc warriors
  5 ice beasts
  3 phantoms
  2 black bears
  A swamp drake (D:11)
  5 sky beasts
  7 necrophages (D:11)
  11 centaurs
  10 ogres
  4 big kobolds
  6 bullfrogs
  An earth elemental (Lab)
  4 small abominations
  2 wyvern skeletons (D:11)
  4 scorpions
  A water moccasin skeleton (D:9)
  7 killer bees
  13 wights
  5 howler monkeys
  7 crimson imps
  5 centaur zombies
  A quasit (D:13)
  3 hounds
  3 jellies
  10 orc priests
  6 bullfrog skeletons
  2 centaur skeletons
  An iron imp (Abyss:3)
  4 iguanas
  22 orc wizards
  2 polar bear simulacra (D:11)
  12 worker ants
  2 yak simulacra (D:11)
  3 wolf simulacra (D:11)
  A hound zombie (D:6)
  A mummy (D:11)
  Robin (D:3)
  A howler monkey zombie (D:11)
  5 worker ant zombies
  11 adders
  4 shadow imps
  An ufetubus (Abyss:3)
  An ooze (D:1)
  An adder zombie (D:6)
  An adder skeleton (D:8)
  3 worms
  A dart slug (D:4)
  3 leopard geckos
  128 orcs
  2 bats
  3 giant cockroaches
  24 goblins
  7 hobgoblins
  3 quokkas
  4 ball pythons
  6 frilled lizards
  A jackal zombie (D:8)
  11 kobolds
  2 leopard gecko skeletons
  5 rats
  4 river rat simulacra (D:11)
552 creatures vanquished.

Vanquished Creatures (collateral kills)
  A slime creature (D:11)
  A water moccasin zombie (D:11)
  A bullfrog zombie (D:7)
  A hound zombie (D:11)
  An orc (D:7)
  A bat (D:4)
6 creatures vanquished.

Vanquished Creatures (others)
  A bullfrog zombie (D:5)
  9 starspawn tentacles (Abyss:3)
  2 withered plants (D:11)
12 creatures vanquished.

Grand Total: 570 creatures vanquished

Notes
Turn   | Place    | Note
-------+----------+-------------------------------------------
     0 | D:1      | M4edhros the Mummy Chaos Knight began the quest for the Orb.
     0 | D:1      | Reached XP level 1. HP: 18/18 MP: 1/1
   152 | D:2      | Reached XP level 2. HP: 24/24 MP: 2/2
   269 | D:3      | XOM: noise
   290 | D:3      | Found a radiant altar of Vehumet.
   311 | D:3      | Found a sparkling altar of Nemelex Xobeh.
   437 | D:3      | Reached XP level 3. HP: 8/29 MP: 3/3
   826 | D:4      | Noticed a scorpion
   838 | D:4      | Killed a scorpion
   838 | D:4      | Reached XP level 4. HP: 25/35 MP: 4/4
  1009 | D:4      | XOM: divination: detect creatures
  1120 | D:4      | Reached XP level 5. HP: 4/41 MP: 5/5
  1270 | D:4      | Noticed a hippogriff
  1271 | D:4      | Found a blossoming altar of Fedhas.
  1276 | D:4      | Found a stormy altar of Qazlal.
  1490 | D:4      | Found a basalt altar of Yredelemnul.
  1546 | D:4      | XOM: divination: magic mapping
  1554 | D:4      | XOM: divination: detect items
  1559 | D:4      | XOM: potion effect (haste)
  1570 | D:5      | Entered Level 5 of the Dungeon
  1591 | D:5      | Reached skill level 5 in Polearms
  1637 | D:5      | XOM: divination: magic mapping
  1697 | D:5      | XOM: medium Chrm miscast
  1947 | D:5      | Noticed a centaur
  1967 | D:5      | Killed a centaur
  1967 | D:5      | Reached XP level 6. HP: 21/47 MP: 6/6
  1972 | D:5      | XOM: 8-stop teleportation journey
  2136 | D:5      | XOM: scenery: create altars
  2162 | D:5      | XOM: confuse monster(s)
  2168 | D:5      | XOM: scenery: create altars
  2383 | D:5      | XOM: summons 4 hostile shadow creatures
  2603 | D:5      | XOM: 1-stop teleportation journey
  2887 | D:5      | XOM: enchant monster (good)
  2928 | D:5      | Reached XP level 7. HP: 30/52 MP: 7/7
  2957 | D:5      | Found a stormy altar of Qazlal.
  3226 | D:5      | XOM: summons 3 hostile shadow creatures
  3557 | D:5      | Got a pitted war axe
  3558 | D:5      | Identified the +8 war axe of the Enemy {freeze, rN+} (You found it on level 5 of the Dungeon)
  3647 | D:6      | XOM: cleaving
  3651 | D:6      | XOM: summons friendly iron imp
  4079 | D:7      | Reached XP level 8. HP: 42/58 MP: 8/8
  4079 | D:7      | XOM: cast spell 'Summon Horrible Things'
  4118 | D:7      | XOM: mild Hex miscast
  4170 | D:7      | Found a staircase to the Ecumenical Temple.
  4177 | Temple   | Entered the Ecumenical Temple
  4743 | Temple   | XOM: 1-stop teleportation journey
  5041 | Temple   | XOM: severe Necr miscast
  5512 | Temple   | XOM is BORED!
  6267 | Temple   | XOM: medium Tmut miscast
  6338 | Temple   | XOM: harmless Chrm miscast
  6720 | Temple   | XOM: god gift: scroll labeled LAGHARODGHI {god gift}
  7255 | Temple   | XOM: 1-stop teleportation journey
  7408 | Temple   | XOM: medium Fire miscast
  7681 | Temple   | XOM: mild Conj miscast
  7895 | Temple   | XOM: medium Conj miscast
  8379 | Temple   | XOM: god gift: emerald potion {god gift}
  9806 | Temple   | XOM: mild Fire miscast
  9875 | Temple   | XOM: divination: detect creatures
 10808 | Temple   | XOM: summons 1 hostile demon
 11122 | Temple   | XOM: 4-stop teleportation journey
 11174 | Temple   | XOM: medium Fire miscast
 11202 | Temple   | XOM: summons 4 hostile demons
 11618 | Temple   | XOM: summons 1 hostile demon
 11712 | Temple   | XOM is BORED!
 12377 | Temple   | XOM: cloud trail
 12659 | Temple   | XOM: god gift: meat ration
 13748 | Temple   | XOM: harmless Hex miscast
 14359 | Temple   | XOM: mild Pois miscast
 14762 | Temple   | XOM: divination: magic mapping
 15051 | Temple   | XOM: noise
 16211 | Temple   | XOM: cloud trail
 16548 | Temple   | XOM: god gift: scroll of teleportation
 16572 | Temple   | XOM: god gift: 1780 gold pieces
 16959 | Temple   | XOM: 4-stop teleportation journey
 17110 | Temple   | XOM: stat loss: -1 Int (11/12)
 17243 | Temple   | XOM: scenery: create altars
 17526 | Temple   | XOM is BORED!
 18696 | Temple   | XOM: harmless Erth miscast
 18803 | Temple   | XOM: cloud trail
 19469 | Temple   | XOM: cloud trail
 19687 | Temple   | XOM is BORED!
 19687 | Temple   | XOM: medium Divn miscast
 20685 | Temple   | XOM: 5-stop teleportation journey
 21041 | Temple   | XOM: god gift: pink potion {god gift}
 21084 | Temple   | XOM is BORED!
 21084 | Temple   | XOM: mild Summ miscast
 21176 | Temple   | XOM: god gift: ring of Shaolin {EV+8}
 22920 | Temple   | XOM: scenery: create altars
 23025 | Temple   | XOM: 1-stop teleportation journey
 23458 | Temple   | XOM: medium Air miscast
 23481 | Temple   | XOM: harmless Hex miscast
 24520 | Temple   | XOM: summons 4 hostile demons
 24524 | Temple   | XOM: harmless Summ miscast
 24838 | Temple   | XOM: mild Pois miscast
 25144 | Temple   | XOM: summons 4 hostile demons
 25189 | Temple   | XOM: harmless Hex miscast
 25262 | Temple   | XOM is BORED!
 25262 | Temple   | XOM: medium Fire miscast
 25717 | Temple   | XOM: god gift: glowing robe {god gift}
 26765 | Temple   | XOM: god gift: 28 bolts
 26806 | Temple   | XOM: 1-stop teleportation journey
 27023 | Temple   | XOM: scenery: create altars
 27706 | Temple   | XOM: 1-stop teleportation journey
 27712 | Temple   | XOM: harmless Tmut miscast
 27799 | Temple   | XOM: medium Tmut miscast
 27923 | Temple   | XOM is BORED!
 27923 | Temple   | XOM: silly message
 28048 | Temple   | XOM: harmless Ice miscast
 28132 | Temple   | XOM: scenery: create altars
 28968 | Temple   | XOM: scenery: create altars
 29054 | Temple   | XOM is BORED!
 29054 | Temple   | XOM: stat loss: -3 Dex (5/13)
 29062 | Temple   | XOM: severe Fire miscast
 29084 | Temple   | XOM: scenery: create altars
 29956 | Temple   | XOM: cloud trail
 29965 | Temple   | XOM: god gift: crooked jewelled staff {god gift}
 30344 | Temple   | XOM: harmless Necr miscast
 31154 | Temple   | XOM is BORED!
 31154 | Temple   | XOM: mild Erth miscast
 31248 | Temple   | XOM is BORED!
 31248 | Temple   | XOM: mild Hex miscast
 31835 | Temple   | XOM: god gift: bread ration
 32360 | Temple   | XOM: cloud trail
 32843 | Temple   | XOM is BORED!
 34126 | Temple   | XOM: god gift: shortbow {god gift}
 34750 | Temple   | XOM: harmless Erth miscast
 35518 | Temple   | XOM: medium Chrm miscast
 36170 | Temple   | XOM is BORED!
 36830 | Temple   | XOM: harmless Pois miscast
 38048 | Temple   | XOM: divination: detect items
 38101 | Temple   | XOM is BORED!
 38101 | Temple   | XOM: mild Tmut miscast
 38543 | Temple   | XOM is BORED!
 38543 | Temple   | XOM: mild Air miscast
 39536 | Temple   | XOM: harmless Ice miscast
 40178 | Temple   | XOM is BORED!
 40178 | Temple   | XOM: medium Divn miscast
 40448 | Temple   | XOM: harmless Summ miscast
 40547 | Temple   | XOM: divination: detect items
 41052 | Temple   | XOM: silly message
 41366 | Temple   | XOM: divination: detect items
 41391 | Temple   | XOM: silly message
 41621 | Temple   | XOM: god gift: box of beasts
 41642 | Temple   | XOM: cloud trail
 41672 | Temple   | XOM: harmless Tloc miscast
 41838 | Temple   | XOM is BORED!
 41838 | Temple   | XOM: noise
 42358 | Temple   | XOM: scenery: create altars
 42382 | Temple   | XOM: god gift: leatherbound book {god gift}
 42517 | Temple   | XOM: divination: detect creatures
 42580 | Temple   | XOM: divination: detect creatures
 42850 | Temple   | XOM: divination: detect items
 42957 | Temple   | XOM is BORED!
 42957 | Temple   | XOM: mild Summ miscast
 43207 | Temple   | XOM: harmless Air miscast
 43755 | Temple   | XOM: divination: detect items
 43970 | Temple   | XOM: cloud trail
 44150 | Temple   | XOM: noise
 44389 | Temple   | XOM: cloud trail
 44430 | Temple   | XOM: harmless Fire miscast
 44659 | Temple   | XOM: mild Hex miscast
 44964 | Temple   | XOM: harmless Air miscast
 45318 | Temple   | XOM: god gift: 3 javelins of returning
 45429 | Temple   | XOM: harmless Ice miscast
 45888 | Temple   | XOM: cloud trail
 45979 | Temple   | XOM is BORED!
 45979 | Temple   | XOM: mild Erth miscast
 47512 | Temple   | XOM: mild Hex miscast
 47696 | Temple   | XOM: god gift: wand of acid (?/15) {god gift}
 47963 | Temple   | XOM is BORED!
 47963 | Temple   | XOM: mild Pois miscast
 48050 | Temple   | XOM: god gift: 22 sling bullets
 48590 | Temple   | XOM: noise
 49183 | Temple   | XOM: mild Conj miscast
 49243 | Temple   | XOM: summons 4 hostile demons
 52976 | Temple   | XOM: mild Conj miscast
 53964 | Temple   | XOM: harmless Tloc miscast
 54065 | Temple   | XOM: mild Erth miscast
 54764 | Temple   | XOM is BORED!
 54764 | Temple   | XOM: severe Tmut miscast
 54802 | Temple   | XOM: god gift: vibrating platinum ring {god gift}
 54805 | Temple   | Got a vibrating platinum ring {god gift}
 54805 | Temple   | XOM: silly message
 54807 | Temple   | Identified the ring "Wef Raig" {-Tele +Fly Str+6 Int+4 Dex+4} (Xom gifted it to you in the Ecumenical Temple)
 55315 | Temple   | XOM: cloud trail
 55940 | Temple   | XOM: mild Tloc miscast
 56032 | Temple   | XOM: mild Necr miscast
 57685 | Temple   | XOM: scenery: create altars
 57757 | Temple   | XOM: god gift: smoky pink potion {god gift}
 58300 | Temple   | XOM: harmless Divn miscast
 58317 | Temple   | XOM: cloud trail
 59352 | Temple   | XOM is BORED!
 59490 | Temple   | XOM: medium Conj miscast
 59529 | Temple   | XOM: divination: detect creatures
 59854 | Temple   | XOM: god gift: meat ration
 59874 | Temple   | XOM: cloud trail
 59952 | Temple   | XOM: god gift: 9 gold pieces
 60420 | Temple   | XOM: stat loss: -1 Str (18/21)
 60531 | Temple   | XOM: scenery: create altars
 60893 | Temple   | XOM: mild Ice miscast
 61403 | Temple   | XOM: mild Summ miscast
 61947 | Temple   | XOM is BORED!
 61947 | Temple   | XOM: noise
 62491 | Temple   | XOM is BORED!
 63183 | Temple   | XOM: scenery: create altars
 63224 | Temple   | XOM: harmless Tloc miscast
 63897 | Temple   | XOM: cloud trail
 64274 | Temple   | XOM: harmless Conj miscast
 64660 | Temple   | XOM: god gift: bubbling inky potion {god gift}
 65361 | Temple   | XOM: god gift: scroll of teleportation
 65747 | Temple   | XOM: harmless Summ miscast
 66108 | Temple   | XOM: mild Tmut miscast
 66312 | Temple   | XOM: medium Tmut miscast
 66510 | Temple   | XOM: medium Hex miscast
 66513 | Temple   | XOM: summons 4 hostile demons
 66558 | Temple   | XOM: harmless Ice miscast
 67154 | Temple   | XOM: god gift: 59 gold pieces
 67180 | Temple   | XOM: medium Tmut miscast
 68457 | Temple   | XOM: medium Ice miscast
 68697 | Temple   | XOM: medium Necr miscast
 68711 | D:7      | XOM: summons 1 hostile shadow creature
 69017 | Temple   | XOM is BORED!
 69278 | Temple   | XOM: cloud trail
 70266 | Temple   | XOM: god gift: shield {god gift}
 70588 | Temple   | XOM: god gift: 1290 gold pieces
 70947 | Temple   | XOM: mild Necr miscast
 71151 | Temple   | XOM: god gift: chain mail {god gift}
 72033 | Temple   | XOM is BORED!
 72055 | Temple   | XOM: god gift: scorched leather armour {god gift}
 72258 | Temple   | Got a scorched leather armour {god gift}
 72269 | Temple   | Identified the +2 leather armour of Qicen {Dex+3 Stlth+} (Xom gifted it to you in the Ecumenical Temple)
 72668 | Temple   | XOM: god gift: glaive {god gift}
 72709 | Temple   | XOM: divination: detect items
 73418 | Temple   | XOM: scenery: create altars
 73665 | Temple   | XOM: scenery: create altars
 74570 | Temple   | XOM: god gift: 22 stones
 74935 | Temple   | XOM: summons 2 hostile demons
 75163 | Temple   | XOM: mild Conj miscast
 75340 | Temple   | XOM: god gift: scimitar {god gift}
 75514 | Temple   | XOM is BORED!
 75514 | Temple   | XOM: mild Pois miscast
 76221 | Temple   | XOM: stat loss: -1 Dex (8/20)
 76393 | Temple   | XOM: stat loss: -1 Str (17/21)
 76450 | Temple   | XOM: harmless Erth miscast
 76717 | Temple   | XOM: god gift: wand of paralysis (?/24) {god gift}
 77006 | Temple   | XOM: divination: magic mapping
 77082 | Temple   | XOM is BORED!
 77280 | Temple   | XOM: cloud trail
 78312 | Temple   | XOM: mild Erth miscast
 78377 | Temple   | XOM: god gift: blowgun {god gift}
 78451 | Temple   | XOM: god gift: runed naga barding {god gift}
 79065 | Temple   | XOM: divination: detect creatures
 79598 | Temple   | XOM: harmless Divn miscast
 80554 | Temple   | XOM is BORED!
 80554 | Temple   | XOM: summons 3 hostile demons
 80569 | Temple   | XOM: medium Necr miscast
 81135 | Temple   | XOM: cloud trail
 81471 | Temple   | XOM: god gift: 33 gold pieces
 81573 | Temple   | XOM: divination: magic mapping
 82456 | Temple   | XOM: medium Tmut miscast
 82605 | Temple   | XOM: god gift: scale mail {god gift}
 82820 | Temple   | XOM: cloud trail
 82947 | Temple   | XOM: harmless Pois miscast
 83544 | Temple   | XOM: cloud trail
 83602 | Temple   | XOM: silly message
 83754 | Temple   | XOM is BORED!
 83754 | Temple   | XOM: medium Summ miscast
 84354 | Temple   | XOM: harmless Erth miscast
 84711 | Temple   | XOM: god gift: sack of spiders
 84847 | Temple   | XOM is BORED!
 84847 | Temple   | XOM: severe Divn miscast
 84860 | Temple   | XOM: god gift: 37 gold pieces
 85003 | Temple   | XOM: god gift: thin jewelled staff {god gift}
 85012 | Temple   | XOM: mild Conj miscast
 85021 | Temple   | XOM: god gift: glowing buckler {god gift}
 85167 | Temple   | XOM: scenery: create altars
 85184 | Temple   | XOM: god gift: 13 royal jellies
 85388 | Temple   | XOM: scenery: create altars
 85662 | Temple   | XOM: mild Tmut miscast
 86226 | Temple   | XOM: god gift: 10 royal jellies
 86559 | Temple   | XOM: noise
 88481 | Temple   | XOM: harmless Tloc miscast
 88624 | Temple   | XOM is BORED!
 88624 | Temple   | XOM: medium Divn miscast
 88869 | Temple   | XOM: harmless Ice miscast
 89828 | Temple   | XOM: harmless Summ miscast
 90060 | Temple   | XOM: summons 4 hostile demons
 90174 | Temple   | XOM: divination: detect items
 90225 | Temple   | XOM: mild Fire miscast
 90497 | Temple   | XOM is BORED!
 90759 | Temple   | XOM: noise
 91273 | Temple   | XOM: harmless Pois miscast
 91409 | Temple   | XOM: noise
 91993 | Temple   | XOM: summons 3 hostile demons
 93252 | Temple   | XOM is BORED!
 93252 | Temple   | XOM: medium Conj miscast
 94765 | Temple   | XOM: mild Air miscast
 95377 | Temple   | XOM: cloud trail
 96128 | Temple   | XOM: harmless Necr miscast
 96331 | Temple   | XOM: harmless Divn miscast
 96566 | Temple   | XOM is BORED!
 96566 | Temple   | XOM: mild Chrm miscast
 96821 | Temple   | XOM: medium Chrm miscast
 97043 | Temple   | XOM: harmless Summ miscast
 97270 | Temple   | XOM: harmless Necr miscast
 97451 | Temple   | XOM: silly message
 97643 | Temple   | XOM: harmless Summ miscast
 98220 | Temple   | XOM: summons 4 hostile demons
 98285 | Temple   | XOM: medium Conj miscast
 98346 | Temple   | XOM: noise
 99362 | Temple   | XOM: harmless Hex miscast
 99883 | Temple   | XOM: harmless Air miscast
 99932 | Temple   | XOM: divination: detect creatures
100629 | Temple   | XOM: harmless Hex miscast
100951 | Temple   | XOM is BORED!
100951 | Temple   | XOM: mild Necr miscast
101532 | Temple   | XOM is BORED!
101532 | Temple   | XOM: mild Fire miscast
101658 | Temple   | XOM: mild Conj miscast
102594 | Temple   | XOM is BORED!
102594 | Temple   | XOM: summons 4 hostile demons
102899 | Temple   | XOM: mild Ice miscast
103032 | Temple   | XOM: god gift: scroll of fear
104726 | Temple   | XOM: god gift: 12 bolts
104891 | Temple   | XOM: god gift: 25 gold pieces
105397 | Temple   | XOM: scenery: create altars
105965 | Temple   | XOM: medium Necr miscast
106175 | Temple   | XOM: harmless Necr miscast
106196 | Temple   | XOM is BORED!
108450 | Temple   | XOM: noise
108646 | Temple   | XOM: summons 4 hostile demons
108764 | Temple   | XOM: summons 4 hostile demons
109471 | Temple   | XOM: medium Fire miscast
109629 | Temple   | XOM: medium Summ miscast
109630 | Temple   | Noticed a sixfirhy
111546 | Temple   | XOM: harmless Divn miscast
111549 | Temple   | XOM: harmless Pois miscast
111634 | Temple   | XOM: harmless Fire miscast
111847 | Temple   | XOM: medium Divn miscast
112065 | Temple   | XOM: severe Ice miscast
112284 | Temple   | XOM is BORED!
112284 | Temple   | XOM: mild Pois miscast
112425 | Temple   | XOM: medium Summ miscast
112842 | Temple   | XOM: summons 4 hostile demons
113023 | Temple   | XOM: summons 4 hostile demons
113212 | D:7      | Reached skill level 1 in Dodging
113215 | D:7      | Found a shimmering altar of Xom.
113218 | D:7      | Found an opulent altar of Gozag.
113220 | D:7      | XOM: polymorph bullfrog -> big kobold
113224 | D:7      | Found a bloodstained altar of Trog.
113266 | D:7      | Noticed a blink frog
113266 | D:7      | an ogre changed into a blink frog
113266 | D:7      | XOM: polymorph ogre -> blink frog
113297 | D:8      | Reached skill level 1 in Shields
113317 | D:8      | XOM: swap monsters
113322 | D:8      | XOM: enchant monster (good)
113411 | D:6      | XOM: god gift: 3 javelins of penetration
113654 | D:4      | XOM: summons friendly quasit
113662 | D:4      | Killed a hippogriff
113662 | D:4      | Reached XP level 9. HP: 52/65 MP: 9/9
113699 | D:4      | XOM: divination: detect items
113893 | D:3      | Noticed Robin
113899 | D:3      | Killed Robin
113927 | D:3      | XOM: cloud trail
113989 | D:3      | Found an ancient bone altar of Kikubaaqudgha.
114192 | D:3      | Found an ornate altar of the Wu Jian Council.
114192 | D:3      | Found an iron altar of Okawaru.
114196 | D:3      | XOM: divination: detect items
114387 | D:5      | XOM: harmless Necr miscast
114919 | Temple   | XOM: silly message
114967 | Temple   | XOM: divination: detect items
115606 | Temple   | XOM: medium Pois miscast
115808 | Temple   | XOM: god gift: helmet {god gift}
115961 | Temple   | XOM: scenery: create altars
116229 | Temple   | XOM is BORED!
116229 | Temple   | XOM: summons 4 hostile demons
116541 | Temple   | XOM: god gift: 7 exploding tomahawks
118231 | Temple   | XOM: silly message
119319 | Temple   | XOM: divination: magic mapping
119329 | Temple   | XOM is BORED!
119329 | Temple   | XOM: mild Tmut miscast
119970 | Temple   | XOM is BORED!
119970 | Temple   | XOM: mild Pois miscast
120455 | Temple   | XOM: god gift: 18 arrows
120986 | Temple   | XOM: silly message
121024 | Temple   | XOM: harmless Chrm miscast
121332 | Temple   | XOM: noise
121982 | Temple   | XOM: silly message
123076 | Temple   | XOM is BORED!
123076 | Temple   | XOM: stat loss: -2 Int (10/16)
123566 | Temple   | XOM: stat loss: -1 Dex (3/21)
124473 | Temple   | XOM: mild Hex miscast
124775 | Temple   | XOM: summons 3 hostile demons
125217 | Temple   | XOM: mild Pois miscast
125302 | Temple   | XOM is BORED!
125547 | Temple   | XOM: scenery: create altars
127885 | Temple   | XOM: harmless Summ miscast
128034 | Temple   | XOM: mild Summ miscast
128144 | D:7      | XOM: god gift: yellow potion {god gift}
128653 | Temple   | XOM: god gift: thin jewelled staff {god gift}
128701 | Temple   | XOM is BORED!
129027 | Temple   | XOM: medium Divn miscast
129248 | Temple   | XOM: god gift: runed hat {god gift}
129307 | Temple   | XOM: scenery: create altars
129721 | Temple   | XOM: mild Ice miscast
129877 | Temple   | XOM: god gift: shiny buckler {god gift}
129963 | Temple   | XOM: scenery: create altars
130178 | Temple   | XOM: god gift: royal jelly
130377 | Temple   | XOM: summons 4 hostile demons
130629 | Temple   | XOM: divination: detect creatures
130796 | Temple   | XOM: scenery: create altars
131073 | Temple   | XOM: scenery: create altars
131660 | Temple   | XOM: medium Pois miscast
132348 | Temple   | XOM: god gift: thin jewelled staff {god gift}
132376 | Temple   | XOM: scenery: create altars
133340 | Temple   | XOM: cloud trail
133452 | Temple   | XOM is BORED!
133452 | Temple   | XOM: stat loss: -3 Int (7/16)
134977 | Temple   | XOM: harmless Chrm miscast
135037 | Temple   | XOM: scenery: create altars
135248 | Temple   | XOM is BORED!
135248 | Temple   | XOM: medium Chrm miscast
135810 | Temple   | XOM: mild Divn miscast
136384 | Temple   | XOM: god gift: 15 stones
136568 | Temple   | XOM: harmless Fire miscast
136747 | Temple   | XOM is BORED!
136747 | Temple   | XOM: medium Chrm miscast
136778 | Temple   | XOM: cloud trail
137412 | Temple   | XOM: cloud trail
137513 | Temple   | XOM: scenery: create altars
137925 | Temple   | XOM: god gift: 13 stones
138257 | Temple   | XOM: cloud trail
138412 | Temple   | XOM: divination: detect creatures
138414 | Temple   | XOM: cloud trail
138736 | Temple   | XOM: divination: detect items
139028 | Temple   | XOM: god gift: 53 gold pieces
139335 | Temple   | XOM: summons 4 hostile demons
139976 | Temple   | XOM: summons 4 hostile demons
140675 | Temple   | XOM: god gift: lumpy cyan potion {god gift}
141155 | Temple   | XOM: harmless Air miscast
141397 | Temple   | XOM: mild Ice miscast
141413 | Temple   | XOM: noise
141448 | Temple   | XOM: summons 1 hostile demon
141956 | Temple   | XOM is BORED!
141956 | Temple   | XOM: summons 4 hostile demons
142348 | Temple   | XOM: mild Air miscast
143111 | Temple   | XOM: mild Divn miscast
143247 | Temple   | XOM is BORED!
143343 | Temple   | XOM: harmless Conj miscast
144458 | Temple   | XOM: summons 4 hostile demons
144891 | Temple   | XOM: mild Pois miscast
144978 | Temple   | XOM: mild Fire miscast
145468 | Temple   | XOM: cloud trail
145524 | Temple   | XOM: scenery: create altars
145896 | Temple   | XOM: summons 1 hostile demon
146014 | Temple   | XOM: cloud trail
147804 | Temple   | XOM: cloud trail
147829 | Temple   | XOM is BORED!
147829 | Temple   | XOM: summons 4 hostile demons
147921 | Temple   | XOM: summons 2 hostile demons
148424 | Temple   | XOM: mild Summ miscast
148609 | Temple   | XOM: noise
149060 | Temple   | XOM: harmless Necr miscast
149420 | Temple   | XOM: noise
149440 | D:7      | XOM: noise
149502 | D:5      | XOM: mild Pois miscast
150179 | D:1      | XOM: mild Ice miscast
150518 | D:2      | Found a deep blue altar of Sif Muna.
150598 | D:2      | XOM: harmless Pois miscast
150875 | D:2      | XOM: god gift: runed leather armour {god gift}
150879 | D:2      | XOM: medium Pois miscast
150925 | D:2      | XOM: scenery: 1 doors close
151078 | D:2      | XOM: summons 1 hostile demon
151087 | D:2      | XOM: god gift: emerald potion {god gift}
151437 | D:6      | XOM: scenery: create altars
151532 | D:7      | XOM: cleaving
151776 | D:8      | Reached skill level 5 in Fighting
151789 | D:8      | XOM: scenery: create altars
151829 | D:8      | XOM: polymorph ogre -> big kobold
151833 | D:8      | Reached skill level 5 in Dodging
151850 | D:8      | Found an opulent altar of Gozag.
151855 | D:8      | XOM: god gift: glowing spear {god gift}
152205 | D:8      | Fell from the grace of Xom
152205 | D:8      | Became a worshipper of Gozag Ym Sagoz the Greedy
152208 | D:8      | Bought the amulet of Vitality {Regen+ HP+15} for 1106 gold pieces
152211 | D:8      | Bought the +8 trident of the Octopus King {venom, rElec rPois MR+} for 1020 gold pieces
152288 | D:9      | Found a roughly hewn altar of Beogh.
152324 | D:9      | Reached XP level 10. HP: 74/74 MP: 10/10
152453 | D:9      | Found an iron altar of Okawaru.
152499 | D:9      | XOM: severe Necr miscast
152500 | D:9      | Noticed a soul eater
152617 | D:9      | XOM: medium Pois miscast
152763 | D:9      | Found Pasecem's Food Boutique.
152793 | D:9      | Found a sacrificial altar of Ru.
152843 | D:9      | XOM: noise
152883 | D:9      | Noticed a deep elf mage
152886 | D:9      | Noticed a sun demon
152888 | D:9      | Killed a deep elf mage
152900 | D:9      | Learned a level 2 spell: Blink
152904 | D:9      | Learned a level 3 spell: Inner Flame
153068 | D:10     | Entered Level 10 of the Dungeon
153086 | D:10     | Reached skill level 1 in Spellcasting
153188 | D:10     | Reached skill level 1 in Hexes
153194 | D:10     | Noticed a guardian serpent
153196 | D:10     | Reached skill level 1 in Translocations
153201 | D:10     | Killed a guardian serpent
153201 | D:10     | Reached skill level 1 in Fire Magic
153614 | D:10     | Reached XP level 11. HP: 74/81 MP: 16/16
153704 | D:10     | Found a staircase to the Lair.
153792 | D:10     | XOM: summons 13 hostile demons
154120 | D:11     | Noticed Urug
154135 | D:11     | Killed Urug
154135 | D:11     | Reached skill level 5 in Armour
154192 | D:11     | Reached skill level 1 in Maces & Flails
154549 | D:11     | XOM: polymorph howler monkey -> swamp drake
154650 | D:11     | Reached skill level 5 in Spellcasting
154681 | D:11     | Noticed a two-headed ogre
154682 | D:11     | a two-headed ogre changed into an eye of devastation
154682 | D:11     | XOM: polymorph two-headed ogre -> eye of devastation
154698 | D:11     | Noticed Psyche
154708 | D:11     | Killed Psyche
155011 | D:11     | XOM: cast spell 'Metabolic Englaciation'
155064 | D:11     | Noticed a necromancer
155074 | D:11     | Killed a necromancer
155133 | D:11     | XOM: summons 13 hostile demons
155476 | D:12     | XOM: mild Conj miscast
155519 | D:12     | Found a labyrinth entrance.
155546 | Lab      | Entered a labyrinth
155910 | Lab      | Cast into level 3 of the Abyss (Xom)
155933 | Lab      | Escaped the Abyss
156114 | Lab      | Noticed a minotaur
156117 | Lab      | XOM: mild Hex miscast
156122 | Lab      | Killed a minotaur
156122 | Lab      | Reached XP level 12. HP: 89/89 MP: 21/21
156283 | D:12     | Found a staircase to the Orcish Mines.
156366 | D:12     | Noticed a two-headed ogre
156376 | D:12     | Killed a two-headed ogre
157051 | D:12     | XOM: mild Divn miscast
157470 | D:13     | XOM: mild Pois miscast
157718 | D:13     | Found a runed door.
157772 | D:13     | Found a gate to the Vaults.
157942 | D:13     | Noticed an orc high priest
157953 | D:13     | Killed an orc high priest
157974 | D:13     | Found a roughly hewn altar of Beogh.
158197 | D:14     | Gained mutation: You are in touch with the powers of death. [Mummy growth]
158197 | D:14     | Reached XP level 13. HP: 25/98 MP: 25/25
158382 | D:14     | Reached skill level 5 in Maces & Flails
158668 | D:14     | XOM: noise
159088 | D:15     | Entered Level 15 of the Dungeon
159184 | D:15     | XOM: confusion
159295 | D:15     | Noticed Louise
159307 | D:15     | Learned a level 5 spell: Summon Forest
159314 | D:15     | Killed Louise
159455 | D:14     | Bought a shimmering fustibalus for 540 gold pieces
159455 | D:14     | Identified the +9 fustibalus "Xoxtuph" {venom, +Blink rElec Int+2 Dex-5} (You bought it in a shop on level 14 of the Dungeon)
159482 | D:14     | XOM: medium Tloc miscast
159483 | D:14     | Cast into level 2 of the Abyss (the severe capriciousness of Xom)
159493 | Abyss:2  | XOM: mild Air miscast
159579 | D:14     | Escaped the Abyss
159718 | D:13     | XOM: medium Conj miscast
160823 | D:13     | Reached skill level 1 in Summonings
160891 | D:14     | Bought the +0 mask of the Dragon {MR+ Slay+3 SInv} for 1102 gold pieces
161006 | Orc:1    | Entered Level 1 of the Orcish Mines
161268 | Orc:1    | XOM: severe Tloc miscast
161269 | Orc:1    | Cast into level 3 of the Abyss (the severe capriciousness of Xom)
161269 | Abyss:3  | XOM: noise
161423 | Abyss:3  | Reached skill level 1 in Slings
161426 | Abyss:3  | Noticed a deep elf demonologist
161484 | Abyss:3  | Noticed a bone dragon
161525 | Abyss:3  | XOM: swap monsters
161537 | Abyss:3  | Noticed a starcursed mass
161582 | Abyss:3  | Noticed a tentacled starspawn
161595 | Abyss:3  | Noticed a yellow draconian stormcaller
161602 | Abyss:3  | XOM: swap monsters
161766 | Abyss:3  | Noticed a starcursed mass
161858 | Abyss:3  | Noticed a tentacled starspawn
161908 | Abyss:3  | Noticed a profane servitor
161973 | Abyss:3  | XOM: summons 3 hostile demons
161991 | Abyss:3  | Noticed a crystal guardian
162110 | Abyss:3  | Noticed a tentacled starspawn
162199 | Abyss:3  | XOM: mild Pois miscast
162271 | Abyss:3  | Reached XP level 14. HP: 60/106 MP: 26/26
162314 | Abyss:3  | Was forgiven by Xom
162397 | Abyss:3  | Found a bloodstained altar of Trog.
162485 | Abyss:3  | Noticed a tentacled starspawn
162574 | Abyss:3  | Reached skill level 5 in Translocations
162586 | Abyss:3  | Noticed a balrug
162614 | Abyss:3  | HP: 4/121 [balrug/divine providence (12)]
162616 | Abyss:3  | Slain by a thrashing horror

Vault maps used:
D:1:      dpeg_arrival_water_fire, serial_glass, glass_columns_c,
          glass_columns_a, glass_columns_b, glass_columns_a, glass_columns_c,
          glass_columns_a, glass_columns_a, glass_columns_a, glass_columns_a,
          glass_columns_a, roderic_ancient_swastika
D:2:      wad_lake_hut, old_standard_altar, first_bread, serial_bayou_lagoon_a
D:3:      overflow_temple_1_default, old_standard_altar,
          nicolae_overflow_crystal_walls, kiku_gazebo_garden_becter,
          okawaru_ov_weapons_minmay, uniq_robin
D:4:      grunt_temple_overflow_forces_of_nature, lemuel_coloured_pillars_altar,
          minmay_ogre_servants
D:5:      grunt_decor_one_mirror, serial_park_tiny_2,
          nicolae_qazlal_eye_of_the_storm
D:7:      grunt_temple_overflow_open, minmay_temple_entry_nine_rooms
D:8:      grunt_gozag_statues
D:9:      hangedman_ru_absence, basic_altar, serial_shops, shop,
          blue_anna_alchemist, guppyfry_early_elven_hall
D:10:     erik_lair_orcish_takeover, special_room, st_stairs_9,
          nrook_guardian_serpent_double
D:11:     serial_undead, serial_undead_f, serial_undead_d, serial_undead_b,
          serial_undead_e, serial_undead_a, serial_undead_d, serial_undead_d,
          eino_house_with_fridge, uniq_urug, uniq_psyche
D:12:     david_orc_1_choice, lab_entry_generic, kennysheep_generic_room_8
D:13:     david_vaults_1, lightli_church_of_beogh
D:15:     grunt_enter_depths_hoard, uniq_louise
Temple:   eino_temple_lava
Orc:1:    nicolae_volcano_entry_s_turn, minmay_orc_keep
Abyss:3:  evilmike_abyss_exit_15, bh_abyss_exit_spiral
Lab:      labyrinth_spiral, nicolae_lab_checkerboard, nicolae_lab_hexagon,
          nicolae_lab_swirl

Skill      XL: |  1  2  3  4  5  6  7  8  9 10 11 12 13 14 |
---------------+-------------------------------------------+-----
Polearms       | 3 4 5 6 8 9 |  9.3
Dodging        | 3 5 6 7 8 9 |  9.5
Armour         | 2 4 5 6 7 |  7.0
Shields        | 2 4 |  4.7
Fighting       | 4 5 6 7 8 |  8.4
Spellcasting   | 3 6 8 |  8.8
Hexes          | 1 3 4 |  4.2
Translocations | 1 3 4 5 |  5.0
Fire Magic     | 1 2 3 4 |  4.0
Maces & Flails | 3 4 6 |  6.8
Summonings     | 2 |  2.7
Slings         | 1 2 |  2.0

Action                   |  1- 3 |  4- 6 |  7- 9 | 10-12 | 13-15 || total
-------------------------+-------+-------+-------+-------+-------++-------
Melee: Spear             |    78 |   172 |    61 |       |       ||   311
       War axe           |       |       |   528 |       |       ||   528
       Trident           |       |       |    43 |  1057 |   514 ||  1614
       Demon trident     |       |       |       |       |     6 ||     6
 Cast: Inner Flame       |       |       |       |       |     6 ||     6
       Blink             |       |       |       |       |     1 ||     1
Invok: Call Merchant     |       |       |     2 |       |     2 ||     4
       Potion Petition   |       |       |       |     1 |     2 ||     3
 Abil: Evoke Flight      |       |       |     2 |       |     2 ||     4
Evoke: Wand              |       |       |     9 |     7 |    10 ||    26
       Lightning rod     |       |       |       |     4 |     4 ||     8
       Box of beasts     |       |       |       |     4 |       ||     4
  Use: Scroll            |       |     2 |     4 |    22 |     8 ||    36
 Stab: Paralysed         |     1 |     1 |     9 |     5 |    10 ||    26
       Sleeping          |       |     1 |     1 |    12 |     4 ||    18
       Petrified         |       |     7 |     4 |       |       ||    11
       Confused          |       |     1 |     1 |       |       ||     2
       Distracted        |       |       |       |     8 |     6 ||    14
       Invisible         |       |       |       |       |     1 ||     1
Armor: Leather armour    |    17 |    38 |   246 |    83 |    54 ||   438
Dodge: Dodged            |    34 |    47 |   866 |   648 |   574 ||  2169
Block: Buckler           |       |       |    78 |   149 |   143 ||   370
